 Dungeon Crawl Stone Soup version 0.19.0-24-gb05acd6 (webtiles) character file.

770 nikopol the Skirmisher (level 7, -6/66 HPs)
             Began as a Gargoyle Berserker on Nov 20, 2016.
             Was a Priest of Trog.
             Mangled by an ogre
             ... wielding a cursed -2 giant spiked club
              (19 damage)
             ... on level 6 of the Dungeon.
             The game lasted 00:09:43 (5114 turns).

nikopol the Skirmisher (Gargoyle Berserker)         Turns: 5114, Time: 00:09:44

Health: -6/66      AC: 13    Str: 26    XL:     7   Next: 83%
Magic:  7/7        EV:  9    Int:  8    God:    Trog [***...]
Gold:   294        SH:  9    Dex: 10    Spells: 0 memorised, 6 levels left

rFire  . . .     SeeInvis .     a - +0 hand axe
rCold  . . .     Gourm    .     l - +0 scale mail
rNeg   + . .     Faith    .     w - +0 shield
rPois  ∞         Spirit   .     (no helmet)
rElec  +         Reflect  .     i - +0 cloak
rCorr  .         Harm     .     (no gloves)
MR     .....                    (no boots)
Stlth  ..........               (no amulet)
                                (no ring)
                                (no ring)

@: berserking, very quick
A: negative energy resistance 1, electricity resistance, unbreathing,
petrification resistance, rot immunity, AC +4
a: Berserk, Trog's Hand, Burn Spellbooks, Renounce Religion


You were on level 6 of the Dungeon.
You worshipped Trog.
Trog was most pleased with you.
You were hungry.

You visited 1 branch of the dungeon, and saw 6 of its levels.

You collected 294 gold pieces.

Inventory:

Hand Weapons
 a - a +0 hand axe (weapon)
Missiles
 e - 78 arrows
Armour
 b - a +0 animal skin
 i - a +0 cloak (worn)
 l - a +0 scale mail (worn)
 w - a +0 shield (worn)
Jewellery
 h - an uncursed ring of positive energy {unknown}
 v - an uncursed amulet of magic regeneration {unknown}
Wands
 r - a wand of acid (4/15)
 x - a wand of lightning (6/15)
 C - a wand of enslavement (12/24)
 D - a wand of iceblast (7/15)
Scrolls
 f - 7 scrolls of identify {unknown}
 g - a scroll of enchant armour {unknown}
 m - a scroll of fog {unknown}
 o - 2 scrolls of teleportation {unknown}
 p - a scroll of amnesia {unknown}
 t - a scroll of remove curse {unknown}
 y - a scroll of magic mapping {unknown}
 A - a scroll of immolation {unknown}
 G - a scroll of blinking {unknown}
Potions
 j - a potion of ambrosia {unknown}
 k - a potion of resistance {unknown}
 s - a potion of curing {unknown}
 u - a potion of degeneration {unknown}
 z - 2 potions of might {unknown}
 B - a potion of lignification {unknown}
 E - a potion of berserk rage {unknown}
 H - a potion of cancellation {unknown}
 I - a potion of magic {unknown}
 J - a potion of flight {unknown}
Comestibles
 c - 5 bread rations
 d - 2 fruits
 n - 2 slices of pizza
 q - a meat ration
 F - a beef jerky


   Skills:
 + Level 5.4 Fighting
 + Level 4.4 Axes
 + Level 4.7 Armour
 + Level 3.6 Dodging
 + Level 2.8 Shields


You had 6 spell levels left.
You didn't know any spells.

Dungeon Overview and Level Annotations

Branches:
Dungeon (6/15)
 Temple: D:4-7

Altars:
Hepliaklqana
Vehumet


Innate Abilities, Weirdness & Mutations

You are resistant to torment.
Your stone body is resilient. (AC +4)
You are immune to poison.
You resist negative energy. (rN+)
You are resistant to electric shocks. (rElec)
You can survive without breathing.
You are immune to petrification.
You are immune to rotting.


Message History

Where to? (Enter - D:5, ? - help)
There is a stone staircase leading down here.
You climb downwards.
There is a stone staircase leading up here.
An ogre comes into view. It is wielding a giant spiked club.
The ogre shouts!
The ogre hits you with a giant spiked club!!
Ouch! That really hurt!
You hit the ogre.
The ogre is lightly wounded.
You hit the ogre.
The ogre is moderately wounded.
The ogre hits you with a giant spiked club!
* * * LOW HITPOINT WARNING * * *
You are too injured to fight recklessly!
A red film seems to cover your vision as you go berserk!
You feel yourself moving faster!
You feel mighty!
You are feeling hungry.
The ogre hits you with a giant spiked club!!
You die...

### #..
#.########
#.<......#
######.######.#
........@O#
#.......#......#
#.###...#..#####
#.#.#..#
#......#
###....# ######


You could see an ogre.

Vanquished Creatures
  Edmund (D:4)
  An ice beast (D:5)
  A scorpion (D:5)
  A water moccasin skeleton (D:5)
  A centaur zombie (D:5)
  5 orc wizards
  A bullfrog zombie (D:4)
  An orc priest (D:3)
  2 hounds
  A worker ant (D:5)
  6 adders
  4 worms
  A dart slug (D:2)
  5 leopard geckos
  17 orcs
  A bat (D:1)
  5 giant cockroaches
  3 goblins
  4 hobgoblins
  8 kobolds
  2 quokkas (D:2)
  6 frilled lizards
  A giant cockroach zombie (D:5)
  3 rats
81 creatures vanquished.

Vanquished Creatures (others)
  A goblin (D:2)
1 creature vanquished.

Grand Total: 82 creatures vanquished

Notes
Turn   | Place    | Note
-------+----------+-------------------------------------------
     0 | D:1      | nikopol the Gargoyle Berserker began the quest for the Orb.
     0 | D:1      | Reached XP level 1. HP: 14/14 MP: 1/1
   570 | D:1      | Reached XP level 2. HP: 19/19 MP: 2/2
  1405 | D:2      | Reached XP level 3. HP: 12/23 MP: 3/3
  1978 | D:2      | Found a radiant altar of Vehumet.
  2087 | D:2      | Reached ** piety under Trog
  2128 | D:2      | Reached XP level 4. HP: 29/29 MP: 4/4
  2710 | D:3      | Reached skill level 4 in Fighting
  2835 | D:3      | Reached XP level 5. HP: 18/33 MP: 5/5
  3326 | D:4      | Noticed Edmund
  3346 | D:4      | Killed Edmund
  3346 | D:4      | Reached skill level 1 in Shields
  3346 | D:4      | Reached XP level 6. HP: 39/39 MP: 6/6
  4162 | D:4      | Found a faded altar of an unknown god.
  4162 | D:4      | Found a hazy altar of Hepliaklqana.
  4168 | D:4      | Found a faded altar of an unknown god.
  4170 | D:4      | Found a faded altar of an unknown god.
  4171 | D:4      | Found a faded altar of an unknown god.
  4313 | D:5      | Entered Level 5 of the Dungeon
  4373 | D:5      | Reached XP level 7. HP: 33/44 MP: 7/7
  4442 | D:5      | Reached skill level 5 in Fighting
  4911 | D:5      | Reached *** piety under Trog
  5114 | D:6      | Mangled by an ogre

Skill      XL: |  1  2  3  4  5  6  7 |
---------------+----------------------+-----
Axes           | 3 4 |  4.4
Dodging        | 2 3 |  3.6
Armour         | 3 4 |  4.7
Fighting       | 4 5 |  5.4
Shields        | 1 2 |  2.8

Action                   |  1- 3 |  4- 6 |  7- 9 || total
-------------------------+-------+-------+-------++-------
Melee: Hand axe          |   101 |   204 |   129 ||   434
Invok: Berserk           |       |     2 |     1 ||     3
  Eat: Chunk             |     4 |     8 |     4 ||    16
Armor: Animal skin       |    15 |       |       ||    15
       Scale mail        |    18 |   118 |    72 ||   208
Dodge: Dodged            |    64 |    87 |    38 ||   189
Block: Shield            |       |    41 |    45 ||    86
